 Dungeon Crawl Stone Soup version 0.24-a0-378-g94936e539c (webtiles) character file.

Game seed: 3595740422830127841

53 MachJacob the Caller (level 3, -3/19 HPs)
             Began as a Deep Elf Summoner on June 2, 2019.
             Slain by a river rat (5 damage)
             ... in a sewer.
             The game lasted 00:08:30 (2204 turns).

MachJacob the Caller (Deep Elf Summoner)            Turns: 2204, Time: 00:08:30

Health: -3/19      AC:  4    Str:  5    XL:     3   Next: 64%
Magic:  0/10       EV: 13    Int: 20    God:
Gold:   45         SH:  0    Dex: 15    Spells: 6/9 levels left

rFire    . . .     SeeInvis .   g - +0 dagger
rCold    . . .     Gourm    .   (no shield)
rNeg     . . .     Faith    .   a - +0 robe
rPois    .         Spirit   .   l - +2 hat
rElec    .         Reflect  .   (no cloak)
rCorr    .         Harm     .   (no gloves)
MR       .....                  (no boots)
Stlth    ++........             (no amulet)
HPRegen  0.06/turn              (no ring)
MPRegen  0.12/turn              (no ring)

@: very slightly contaminated
A: no striking features
a: no special abilities


You were in a sewer.
You were not hungry.

You visited 1 branch of the dungeon, and saw 3 of its levels.
You also visited: Sewer.

You collected 45 gold pieces.

Inventory:

Hand Weapons
 g - a +0 dagger (weapon)
 k - a +3 hunting sling
Missiles
 d - 110 stones (quivered)
 j - 14 sling bullets
Armour
 a - a +0 robe (worn)
 l - a +2 hat (worn)
Scrolls
 h - a scroll of immolation {unknown}
 i - a scroll of blinking
 n - a scroll of enchant weapon {unknown}
Potions
 b - a potion of lignification
 f - a potion of heal wounds
 m - a potion of resistance {unknown}
 o - a potion of invisibility {unknown}
Comestibles
 c - 3 rations
 p - 8 chunks of flesh


   Skills:
 + Level 3.1 Dodging
 + Level 3.1 Stealth
 + Level 3.6 Spellcasting
 * Level 5.0 Summonings


You had 6 spell levels left.
You knew the following spells:

 Your Spells              Type           Power        Failure   Level  Hunger
a - Summon Small Mammal   Summ           ###.         1%          1    None
b - Call Imp              Summ           ###.....     2%          2    ##.....

Your spell library contained the following spells:

 Spells                   Type           Power        Failure   Level  Hunger
 Call Canine Familiar     Summ           ###.....     4%          3    ###....
 Summon Guardian Golem    Hex/Summ       ##......     14%         3    ###....
 Summon Ice Beast         Ice/Summ       ##......     43%         4    ####...
 Summon Lightning Spire   Summ/Air       ##......     43%         4    ####...


Dungeon Overview and Level Annotations

Branches:
Dungeon (3/15)

Altars:


Message History

The river rat barely misses you.
You hit the river rat but do no damage. The river rat misses you.
You hit the river rat but do no damage. The river rat misses you.
Your crimson imp hits the river rat but does no damage.
The river rat bites you.
* * * LOW HITPOINT WARNING * * *
You hit the river rat but do no damage. The river rat barely misses you.
Your crimson imp hits the river rat.
The river rat bites you but does no damage.
You barely miss the river rat.
The river rat is lightly wounded.
The river rat bites you.
* * * LOW HITPOINT WARNING * * *
Your crimson imp hits the river rat but does no damage.
The river rat closely misses you.
Casting: Call Imp (safe; 2% risk of failure)
Confirm with . or Enter, or press ? or * to list all spells.
A beastly little devil appears in a puff of frigid air.
The river rat bites you.
You die... ############### #...5r@r5.rr..≈ ###############

You could see 3 river rats, a rat (sleeping), a friendly crimson imp and a friendly white imp.

Vanquished Creatures
  An adder (D:2)
  A worm (D:2)
  A ball python (D:2)
  A giant cockroach (D:1)
  4 goblins (D:1 D:2)
  A bat (D:1)
  A kobold (D:1)
  2 rats (D:1)
12 creatures vanquished.

Vanquished Creatures (collateral kills)
  2 adders (D:2)
  An ooze (D:2)
  A leopard gecko (D:1)
  2 bats (D:1)
  2 giant cockroaches (D:1 D:3)
  3 goblins (D:1 D:2)
  2 hobgoblins (D:1)
  5 kobolds (D:1 D:2)
  2 ball pythons (D:3)
  6 frilled lizards (D:1 D:2)
  7 rats (D:1 D:3 Sewer)
33 creatures vanquished.

Grand Total: 45 creatures vanquished

Notes
Turn   | Place    | Note
-------+----------+-------------------------------------------
     0 | D:1      | MachJacob the Deep Elf Summoner began the quest for the
                  | Orb.
     0 | D:1      | Reached XP level 1. HP: 10/10 MP: 6/6
   509 | D:1      | Reached XP level 2. HP: 15/15 MP: 4/8
   526 | D:1      | Learned a level 2 spell: Call Imp
  1668 | D:2      | Reached XP level 3. HP: 17/19 MP: 4/9
  1918 | D:2      | Reached skill level 5 in Summonings
  2167 | D:3      | Found a glowing drain.
  2192 | Sewer    | Entered a sewer
  2204 | Sewer    | Slain by a river rat

Levels and vault maps discovered:
D:1:      lightli_arrival_windingriver, layout_basic, hex_large, minivault_14,
          minmay_misc_feat_diagonals
D:2:      layout_rooms, first_ration
D:3:      layout_basic, grunt_temple_overflow_open, portal_sewer_entry_b
Sewer:    sewer_kobolds

Skill      XL: |  1  2  3 |
---------------+----------+-----
Stealth        | 3 |  3.1
Dodging        | 3 |  3.1
Summonings     | 5 |  5.0
Spellcasting   | |  3.6

Action                   || total
-------------------------++-------
Melee: Unarmed           ||     2
       Dagger            ||    87
Throw: Stone             ||     1
 Cast: Summon Small Mamm ||    23
       Call Imp          ||    25
  Use: Scroll            ||     5
 Stab: Sleeping          ||     3
  Eat: Chunk             ||     5
Armor: Robe              ||    18
Dodge: Dodged            ||    71

Table legend:
 A = Non-vault XP
 B = Vault XP
 C = Vault XP percentage of total XP
 D = Non-vault monster count
 E = Vault monster count
 F = Vault count percentage of total count
                 A         B        C        D         E       F
            +---------+---------+-------+---------+---------+-------
      Total |      71 |       6 |   7.8 |      39 |       6 |  13.3
            +---------+---------+-------+---------+---------+-------
        D:1 |      34 |       0 |   0.0 |      27 |       0 |   0.0
        D:2 |      37 |       0 |   0.0 |      12 |       0 |   0.0
        D:3 |       0 |       5 | 100.0 |       0 |       5 | 100.0
      Sewer |       0 |       1 | 100.0 |       0 |       1 | 100.0
            +---------+---------+-------+---------+---------+-------
